 Dungeon Crawl Stone Soup version 0.26-a0-642-g67e9924 (webtiles) character file.

Game seed: 3607089882055612935

6484 robertstho the Thaumaturge (level 10, -15/51 HPs)
             Began as a Deep Elf Conjurer on Sept 22, 2020.
             Was an Elder of Sif Muna.
             Demolished by a two-headed ogre
             ... wielding a +0 giant spiked club
              (26 damage)
             ... on level 11 of the Dungeon.
             The game lasted 00:23:41 (10445 turns).

robertstho the Thaumaturge (Deep Elf Conjurer)     Turns: 10445, Time: 00:23:41

Health: -15/51     AC: 13    Str:  4    XL:     10   Next: 68%
Magic:  21/37      EV: 13    Int: 31    God:    Sif Muna [****..]
Gold:   811        SH:  5    Dex: 13    Spells: 15/34 levels left

rFire    . . .     SeeInvis .   q - +3 whip (elec)
rCold    . . .     Faith    .   (no shield)
rNeg     . . .     Spirit   .   G - +1 robe "Sah Hut" {Int+4}
rPois    .         Reflect  +   f - +1 helmet
rElec    .         Harm     .   A - +0 cloak
rCorr    .         Rampage  .   F - +2 pair of gloves
MR       +....                  (no boots)
Stlth    +++.......             B - amulet of reflection
HPRegen  0.17/turn              c - ring of magical power
MPRegen  0.25/turn              H - +4 ring of protection

@: no status effects
A: no striking features
a: Channel Magic, Forget Spell, Divine Exegesis, Renounce Religion


You were on level 11 of the Dungeon.
You worshipped Sif Muna.
Sif Muna was greatly pleased with you.
You visited 1 branch of the dungeon, and saw 11 of its levels.

You collected 876 gold pieces.
You spent 65 gold pieces at shops.

Inventory:

Hand Weapons
 q - a +3 whip of electrocution (weapon)
 y - a +2 scythe of pain
 z - a +2 quarterstaff of chaos
Missiles
 u - 17 poisoned darts (quivered)
Armour
 f - a +1 helmet (worn)
 x - a +2 robe of cold resistance
 A - a +0 cloak (worn)
 F - a +2 pair of gloves (worn)
 G - the +1 robe "Sah Hut" (worn) {Int+4}
   (You found it on level 5 of the Dungeon)

   It affects your intelligence (+4).
 U - a +0 troll leather armour
Jewellery
 c - a ring of magical power (left hand)
 v - an uncursed ring of protection from fire
 B - an amulet of reflection (around neck)
 H - a +4 ring of protection (right hand)
 J - an uncursed ring of fire
 L - an uncursed amulet of regeneration {unknown}
 T - a cursed amulet of inaccuracy {unknown}
 W - an uncursed ring of protection from magic {unknown}
Wands
 I - a wand of enslavement (3)
 O - a wand of flame (30)
 S - a wand of acid (4)
 V - a wand of digging (6)
Scrolls
 a - a scroll of holy word
 b - 8 scrolls of magic mapping
 h - 3 scrolls of blinking
 k - 4 scrolls of teleportation
 o - 2 scrolls of remove curse
 p - 2 scrolls of immolation
 w - 4 scrolls of enchant armour
 C - a scroll of fear
 K - a scroll of fog
 M - a scroll of enchant weapon
 N - a scroll of identify
Potions
 d - a potion of might
 e - 4 potions of brilliance
 g - 3 potions of flight
 i - 2 potions of heal wounds
 j - 2 potions of berserk rage {unknown}
 l - a potion of curing {unknown}
 m - 4 potions of haste {unknown}
 n - 3 potions of stabbing {unknown}
 r - 2 potions of magic
 s - a potion of invisibility {unknown}
 t - 2 potions of lignification
 D - a potion of mutation
 E - a potion of resistance
 R - 2 potions of cancellation {unknown}


   Skills:
 + Level 0.4 Fighting
 + Level 3.3 Dodging
 + Level 4.4 Stealth
 * Level 12.9 Spellcasting
 * Level 11.3 Conjurations
 + Level 6.7 Hexes
 * Level 6.1 Invocations


You had 15 spell levels left.
You knew the following spells:

 Your Spells              Type           Power        Failure   Level
a - Magic Dart            Conj           ####         1%          1
b - Searing Ray           Conj           ######       1%          2
c - Dazzling Flash        Conj/Hex       ######       1%          3
d - Fulminant Prism       Conj/Hex       ######....   1%          4
e - Iskenderun's Mystic   Conj/Tloc      ######..     2%          4
f - Iskenderun's Battles  Conj           ######..     1%          5

Your spell library contained the following spells:

 Spells                   Type           Power        Failure   Level
 Slow                     Hex            ######..     1%          2
 Conjure Flame            Conj/Fire      ######..     1%          3
 Mephitic Cloud           Conj/Pois/Air  #####...     1%          3
 Stone Arrow              Conj/Erth      ######       1%          3
 Summon Guardian Golem    Hex/Summ       #####...     1%          3
 Freeze                   Ice            ###.         2%          1
 Sandblast                Erth           ###...       2%          1
 Summon Small Mammal      Summ           ###.         2%          1
 Hailstorm                Conj/Ice       ######..     2%          4
 Blink                    Tloc           N/A          3%          2
 Call Imp                 Summ           ###.....     3%          2
 Passwall                 Tmut/Erth      ###.....     3%          2
 Irradiate                Conj/Tmut      ######....   7%          5
 Call Canine Familiar     Summ           ###.....     8%          3
 Frozen Ramparts          Ice            ###...       8%          3
 Ozocubu's Armour         Ice            ###.....     8%          3
 Bolt of Magma            Conj/Fire/Erth #####.....   14%         5
 Orb of Destruction       Conj           ######....   21%         7
 Petrify                  Tmut/Erth      ###.....     24%         4
 Summon Ice Beast         Ice/Summ       ###.....     24%         4
 Summon Lightning Spire   Summ/Air       ###.....     24%         4
 Iron Shot                Conj/Erth      ######....   36%         6
 Lee's Rapid Deconstruct  Erth           ###.......   56%         5
 Spellforged Servitor     Conj/Summ      ######....   90%         7
 Hydra Form               Tmut           ###.......   98%         6
 Statue Form              Tmut/Erth      ###......    98%         6
 Dragon Form              Tmut           ###.......   100%        7


Dungeon Overview and Level Annotations

Branches:
Dungeon (11/15)            Temple (0/1) D:7
   Lair: D:8-11         Orc: D:9-12

Altars:
Ashenzari
Fedhas
Gozag
Hepliaklqana
Makhleb
Nemelex Xobeh
Ru
Sif Muna
Trog
Uskayaw
Vehumet
Wu Jian
Zin
The Shining One

Shops:
D:7 *   D:10 *


Message History

The searing ray hits the two-headed ogre!
The two-headed ogre is lightly wounded.
The searing ray hits the two-headed ogre!
The two-headed ogre is heavily wounded.
You finish channeling your searing ray.
The two-headed ogre misses you.
The two-headed ogre hits you with a +0 giant club!!
Ouch! That really hurt!
* * * LOW HITPOINT WARNING * * *
Unknown command.
Casting: Searing Ray (safe; 1% risk of failure)
Confirm with . or Enter, or press ? or * to list all spells.
Aiming: Searing Ray (safe; 1% risk of failure)
Press: ? - help, Shift-Dir - straight line, f - two-headed ogre
Aim: a two-headed ogre, wielding a +0 giant spiked club and a +0 giant club (heavily wounded)
The searing ray hits the two-headed ogre!
The two-headed ogre is heavily wounded. (Press . to maintain the ray.)
The two-headed ogre hits you with a +0 giant spiked club!!
Ouch! That really hurt!
You die...

.###..........#
.......'.###...##
..............#
.......#.##.....#
...#..........#
.......#........#
..:#...##.....#
.......#.........
...†...##.#...#
.......#.........
..........##..+
.......#.....####
..............# .......#..#<.#
#
$.....#...#...##########..####
...#.##...###.HO@..^(....##
##.#####.###.###..######## ..
... #. ..## ... #...... #.## .
##..... .. #........ ........
#........


You could see a two-headed ogre and a manticore.

Vanquished Creatures
  Harold (D:9)
  A guardian serpent (D:9)
  A troll (D:9)
  Sigmund (D:3)
  A wyvern (D:11)
  A wraith (D:10)
  Menkaure (D:5)
  A soldier ant (D:10)
  2 water moccasins (D:9)
  5 ice beasts
  2 orc warriors
  A black bear (D:6)
  4 ogres
  2 phantoms
  3 centaurs
  A crocodile (D:7)
  A big kobold (D:6)
  A gnoll sergeant (D:4)
  4 bullfrogs
  3 scorpions
  A water moccasin skeleton (D:4)
  6 killer bees (D:7)
  3 howler monkeys
  9 wights
  3 hounds
  3 orc priests
  7 orc wizards
  3 bullfrog skeletons
  Crazy Yiuf (D:3)
  3 centaur skeletons
  2 jellies
  7 iguanas
  A killer bee zombie (D:5)
  7 worker ants
  3 hound zombies
  2 hound skeletons
  2 worker ant zombies
  9 gnolls
  10 adders
  A shadow imp (D:10)
  3 white imps
  An ooze (D:4)
  2 adder skeletons
  An adder zombie (D:9)
  2 dart slugs
  2 leopard geckos
  29 orcs
  3 ball pythons
  3 bats
  12 giant cockroaches
  A goblin (D:1)
  4 hobgoblins
  14 jackals
  3 quokkas
  2 frilled lizards
  25 kobolds
  A quokka skeleton (D:4)
  8 rats
  A fulminant prism (D:9)
237 creatures vanquished.

Vanquished Creatures (others)
  107 fulminant prisms
  51 plants
158 creatures vanquished.

Grand Total: 395 creatures vanquished

Notes
Turn   | Place    | Note
-------+----------+-------------------------------------------
     0 | D:1      | robertstho the Deep Elf Conjurer began the quest for the
                  | Orb.
     0 | D:1      | Reached XP level 1. HP: 10/10 MP: 6/6
   360 | D:1      | Reached XP level 2. HP: 15/15 MP: 4/8
   364 | D:1      | Learned a level 2 spell: Searing Ray
   802 | D:2      | Reached skill level 5 in Conjurations
   879 | D:2      | Found a burning altar of Makhleb.
   883 | D:2      | Reached XP level 3. HP: 19/19 MP: 3/10
  1140 | D:2      | Found a bloodstained altar of Trog.
  1140 | D:2      | Found a glowing silver altar of Zin.
  1145 | D:2      | Found a shimmering blue altar of Sif Muna.
  1147 | D:2      | Found an ornate altar of the Wu Jian Council.
  1149 | D:2      | Found an opulent altar of Gozag.
  1221 | D:2      | Became a worshipper of Sif Muna the Loreminder
  1528 | D:3      | Reached XP level 4. HP: 24/24 MP: 8/11
  1534 | D:3      | Learned a level 3 spell: Dazzling Flash
  1539 | D:3      | Learned a level 4 spell: Fulminant Prism
  1687 | D:3      | Noticed an ice beast
  1694 | D:3      | Killed an ice beast
  1694 | D:3      | Reached skill level 4 in Spellcasting
  1694 | D:3      | Reached skill level 1 in Invocations
  1694 | D:3      | Reached XP level 5. HP: 28/28 MP: 4/13
  2085 | D:3      | Reached * piety under Sif Muna
  2259 | D:3      | Noticed Sigmund
  2264 | D:3      | Killed Sigmund
  2264 | D:3      | Reached skill level 5 in Spellcasting
  2264 | D:3      | Reached XP level 6. HP: 32/32 MP: 11/16
  2398 | D:3      | Found a runed translucent door.
  2399 | D:3      | Noticed Crazy Yiuf
  3039 | D:3      | Killed Crazy Yiuf
  3163 | D:4      | Reached skill level 6 in Spellcasting
  3223 | D:4      | Reached XP level 7. HP: 36/36 MP: 18/18
  3280 | D:4      | Learned a level 4 spell: Iskenderun's Mystic Blast
  3381 | D:4      | Found a radiant altar of Vehumet.
  3430 | D:4      | Found a sacrificial altar of Ru.
  3489 | D:4      | Reached skill level 7 in Spellcasting
  3556 | D:4      | Found a sparkling altar of Nemelex Xobeh.
  3979 | D:4      | Found a blossoming altar of Fedhas.
  4102 | D:5      | Entered Level 5 of the Dungeon
  4102 | D:5      | Noticed Menkaure
  4109 | D:5      | Reached ** piety under Sif Muna
  4110 | D:5      | Killed Menkaure
  4112 | D:5      | Reached skill level 8 in Spellcasting
  4112 | D:5      | Reached XP level 8. HP: 38/41 MP: 17/22
  4586 | D:5      | Got a heavy robe
  4596 | D:5      | Identified the +1 robe "Sah Hut" {Int+4} (You found it on
                  | level 5 of the Dungeon)
  4737 | D:5      | Found a glowing golden altar of the Shining One.
  4811 | D:6      | Reached skill level 1 in Hexes
  4866 | D:6      | Reached skill level 9 in Spellcasting
  5596 | D:6      | Reached *** piety under Sif Muna
  5911 | D:7      | Found a hazy altar of Hepliaklqana.
  5942 | D:7      | Reached skill level 10 in Spellcasting
  5942 | D:7      | Reached XP level 9. HP: 34/45 MP: 14/25
  6276 | D:7      | Found a staircase to the Ecumenical Temple.
  6699 | D:7      | Found a shattered altar of Ashenzari.
  6756 | D:7      | Found Orhet's Lightly-Used Armoury.
  6795 | D:7      | Found a hazy altar of Hepliaklqana.
  7290 | D:8      | Reached skill level 11 in Spellcasting
  7361 | D:8      | Reached skill level 5 in Invocations
  7841 | D:8      | Found a hide-covered altar of Uskayaw.
  7941 | D:9      | Reached skill level 10 in Conjurations
  7943 | D:9      | Reached **** piety under Sif Muna
  8254 | D:9      | Noticed a guardian serpent
  8264 | D:9      | Killed a guardian serpent
  8400 | D:9      | Noticed Harold
  8408 | D:9      | Killed Harold
  8408 | D:9      | Reached skill level 12 in Spellcasting
  8408 | D:9      | Reached XP level 10. HP: 43/51 MP: 17/28
  8885 | D:9      | Reached skill level 5 in Hexes
  9260 | D:10     | Entered Level 10 of the Dungeon
  9925 | D:10     | Learned a level 5 spell: Iskenderun's Battlesphere
  9966 | D:10     | Found Ihuqavem's General Store.
  9981 | D:10     | Bought a scroll of remove curse for 39 gold pieces
  9981 | D:10     | Bought a scroll of fog for 26 gold pieces
 10431 | D:11     | Noticed a manticore
 10432 | D:11     | Noticed a two-headed ogre
 10445 | D:11     | Demolished by a two-headed ogre

Illustrated notes

Levels and vault maps discovered:
D:1:      dpeg_arrival_arbitrary_b, layout_basic
D:2:      layout_basic, chequers_temple_overflow_minitemple,
          makhleb_blood_cavern_becter
D:3:      minmay_roachtagon, layout_basic, minmay_hedge_maze,
          uniq_crazy_yiuf_cottage, uniq_sigmund
D:4:      layout_cave_pools, nicolae_ru_awakened_eye, fedhas_ov_isle_minmay,
          lemuel_round_altar, nemelex_dance_club_becter
D:5:      layout_rooms, lemuel_coloured_pillars_altar, uniq_menkaure
D:6:      kennysheep_kobold_camp, layout_basic
D:7:      layout_loops_ring, lemuel_round_altar, temple_statues, basic_altar,
          minmay_shop_damaged, evilmike_ruin_ashenzari
D:8:      layout_cave_pools, lemuel_doored_altar, small_statue_intersection
D:9:      layout_basic, nrook_guardian_serpent_ordinary, uniq_harold
D:10:     layout_loops_ring, serial_shops, shop_coins
D:11:     layout_cave_pools, lair_entry_dummy, hiddenorc1_lemuel, minivault_25

Skill      XL: |  1  2  3  4  5  6  7  8  9 10 |
---------------+-------------------------------+-----
Conjurations   | 5 6 7 8 9 10 11 | 11.3
Spellcasting   | 4 5 6 8 10 12 | 12.9
Invocations    | 1 3 4 5 6 |  6.1
Stealth        | 3 4 |  4.4
Dodging        | 3 |  3.3
Hexes          | 2 4 6 |  6.7
Fighting       | |  0.4

Action                   |  1- 3 |  4- 6 |  7- 9 | 10-12 || total
-------------------------+-------+-------+-------+-------++-------
Melee: Short sword       |       |       |    10 |       ||    10
       Whip              |       |       |       |     2 ||     2
 Cast: Magic Dart        |    39 |    61 |     1 |       ||   101
       Searing Ray       |     2 |    13 |    53 |    11 ||    79
       Fulminant Prism   |       |       |    65 |    43 ||   108
       Iskenderun's Myst |       |       |     1 |       ||     1
  Use: Scroll            |     6 |     7 |     5 |     4 ||    22
       Potion            |       |       |     1 |       ||     1
Armor: Robe              |     1 |     2 |    22 |     8 ||    33
Dodge: Dodged            |     7 |    11 |    32 |     8 ||    58
Block: Other             |       |       |       |     2 ||     2

Table legend: (Time is in decaauts)
 A = Elapsed time spent in this place.
 B = Non-inter-level travel time spent in this place.
 C = Inter-level travel time spent in this place.
 D = Time resting spent in this place.
 E = Time spent auto-exploring this place.
 F = Levels seen in this place.
 G = Mean time per level.
                   A        B        C        D        E       F      G
               +--------+--------+--------+--------+--------+-----+--------+
         Total |  10471 |  10107 |    364 |   1681 |   7075 |  11 |  951.9 |
       Dungeon |  10471 |  10107 |    364 |   1681 |   7075 |  11 |  951.9 |
               +--------+--------+--------+--------+--------+-----+--------+

Top non-repeatable levels by time:
     D:3: 1629 daAuts
     D:7: 1426 daAuts
     D:9: 1124 daAuts
     D:6: 1119 daAuts
    D:10: 1073 daAuts
     D:4: 1018 daAuts
     D:8: 843 daAuts
     D:1: 772 daAuts
     D:2: 744 daAuts
     D:5: 610 daAuts
    D:11: 109 daAuts
